AoeStats
← 只会打步弓

Arabia

507763345Analyzed
1v1 RM · 12d ago on Sep 19, 2026· 30m 12s· 2 players
Game mode
Random Map
Map size
Tiny (2 player)
Population
200
Speed
Normal
Resources
Standard
Victory
Conquest
Starting age
Dark Age
Ending age
Imperial Age
RankedLock teamsTeams togetherTeam positionsShared explorationLock speedFull tech treeHidden civsTurbo modeCheats
Victory
Defeat
🇨🇳 Mapuche · China
1877
+18
🇨🇭 Vietnamese · Switzerland
1913
-18
只会打步弓
6:05 Loom
8:45 Feudal Age
9:40 Double-Bit Axe
9:36 Horse Collar
16:55 Castle Age
15:11 Fletching
16:05 Padded Archer Armor
16:59 Elite Skirmisher
18:05 Bodkin Arrow
18:32 Town Watch
22:26 Bow Saw
26:18 Leather Archer Armor
30:59 Wheelbarrow
31:10 Ballistics
nlp
5:36 Loom
8:50 Feudal Age
9:52 Double-Bit Axe
11:10 Horse Collar
15:24 Wheelbarrow
18:57 Castle Age
17:37 Fletching
19:03 Elite Skirmisher
19:40 Bodkin Arrow
20:09 Padded Archer Armor
Connection lost

Rejoining the realm…

Still unreachable

The connection could not be restored.

Session expired

The server has moved on; the page needs a fresh start.